 Dungeon Crawl Stone Soup version 0.28.0-43-g3370ac3207 (webtiles) character file.

Game seed: 2732026643360721830

107 smarlow the Sneak (level 4, 0/21 HPs)
             Began as a Vine Stalker Enchanter on Mar 18, 2022.
             Succumbed to a goblin's poison
             ... on level 2 of the Dungeon.
             The game lasted 00:03:35 (2533 turns).

smarlow the Sneak (Vine Stalker Enchanter)          Turns: 2533, Time: 00:03:36

Health: 0/21       AC:  3    Str: 10    XL:     4   Next: 86%
Magic:  9/9        EV: 12    Int: 17    God:
Gold:   78         SH:  0    Dex: 15    Spells: 4/9 levels left

rFire   . . .      SeeInvis .   a - +1 dagger
rCold   . . .      Faith    .   (no shield)
rNeg    . . .      Spirit   +   b - +0 robe
rPois   .          Reflect  .   (no helmet)
rElec   .          Harm     .   f - +0 cloak
rCorr   .          Rampage  .   (no gloves)
Will    .....                   (no boots)
Stlth   +++.......              (no amulet)
HPRegen 0.87/turn               (no ring)
MPRegen 0.11/turn               (no ring)

@: lethally poisoned (0 -> 0), invisible
A: fangs 2, regeneration 1, magic shield, antimagic bite, no potion heal 2
a: no special abilities


You were on level 2 of the Dungeon.
You visited 1 branch of the dungeon, and saw 2 of its levels.

You collected 78 gold pieces.

Inventory:

Hand Weapons
 a - a +1 dagger (weapon)
Armour
 b - a +0 robe (worn)
 f - a +0 cloak (worn)
Jewellery
 d - a ring of protection from cold
Scrolls
 e - a scroll of identify {unknown}
 g - a scroll of teleportation {unknown}


   Skills:
 + Level 1.7 Short Blades
 + Level 2.0 Dodging
 * Level 4.6 Stealth
 * Level 3.2 Spellcasting
 + Level 3.4 Hexes


You had 4 spell levels left.
You knew the following spells:

 Your Spells              Type           Power      Damage    Failure   Level
a - Ensorcelled Hibernat  Hex/Ice        16%        N/A       13%         2
b - Confusing Touch       Hex            14%        N/A       12%         3

Your spell library contained the following spells:

 Spells                   Type           Power      Damage    Failure   Level
 Tukima's Dance           Hex            14%        N/A       12%         3
 Dazzling Flash           Conj/Hex       16%        N/A       26%         3


Dungeon Overview and Level Annotations

Branches:
Dungeon (2/15)

Altars:


Innate Abilities, Weirdness & Mutations

You have extremely sharp teeth.
Your natural rate of healing is unusually fast.
When hurt, damage is shared between your health and your magic reserves.
Your bite disrupts and absorbs the magic of your enemies.
Potions cannot restore your health.


Message History

You are more poisoned.
You barely miss the goblin.
The goblin is severely wounded.
You feel very sick.
The goblin hits you with a +1 dagger of venom.
You are lethally poisoned!
You closely miss the goblin. Your bite misses the goblin.
The goblin is severely wounded.
You feel very sick. The goblin completely misses you.
You feel very sick.
Things that are here:
a +0 club; a goblin corpse
* * * LOW HITPOINT WARNING * * *
You feel very sick.
* * * LOW HITPOINT WARNING * * *
You feel very sick.
Okay, then.
* * * LOW HITPOINT WARNING * * *
You feel sick.
You fade into invisibility!
* * * LOW HITPOINT WARNING * * *
You feel sick. The goblin misses you.
* * * LOW HITPOINT WARNING * * *
You feel sick.
You hit the goblin but do no damage.
The goblin is severely wounded.
* * * LOW HITPOINT WARNING * * *
You feel sick.
You hit the goblin.
You kill the goblin!
* * * LOW HITPOINT WARNING * * *
You feel sick.
You hit the goblin. You bite the goblin. You drain its power.
The goblin is severely wounded.
* * * LOW HITPOINT WARNING * * *
You feel sick.
* * * LOW HITPOINT WARNING * * *
You feel sick.
You die...

###### ##..... ##......
#...(..( #....... #.......
############ #.......
#..........#########.......
#.........@.gg..)))........
#).........##########......
#..........# #.......
#..........#########.......
##########.................
#.....†.....#####.......
####.######.............
#.#############......
#...........####.....


You could see 2 goblins.

Vanquished Creatures
  Robin (D:2)
  3 adders (D:2)
  3 worms (D:2)
  5 ball pythons
  5 bats
  4 endoplasms
  2 giant cockroaches
  6 hobgoblins
  2 jackals (D:2)
  2 quokkas (D:2)
  3 frilled lizards (D:2)
  14 goblins
  3 kobolds (D:1)
  3 rats (D:1)
56 creatures vanquished.

Notes
Turn   | Place    | Note
-------+----------+-------------------------------------------
     0 | D:1      | smarlow the Vine Stalker Enchanter began the quest for the
                  | Orb.
     0 | D:1      | Reached XP level 1. HP: 9/9 MP: 4/4
   239 | D:1      | Reached skill level 1 in Short Blades
   370 | D:1      | Reached XP level 2. HP: 13/13 MP: 6/6
   407 | D:1      | Learned a level 2 spell: Ensorcelled Hibernation
   864 | D:1      | Reached skill level 4 in Stealth
  1015 | D:1      | Reached XP level 3. HP: 14/16 MP: 5/7
  1364 | D:1      | Learned a level 3 spell: Confusing Touch
  1943 | D:2      | Gained mutation: Your natural rate of healing is unusually
                  | fast. [Vine Stalker growth]
  1943 | D:2      | Reached XP level 4. HP: 11/21 MP: 1/9
  2366 | D:2      | Noticed Robin
  2506 | D:2      | Killed Robin
  2527 | D:2      | HP: 1/21 [poisoned by a goblin]
  2532 | D:2      | HP: 1/21 [poisoned by a goblin]
  2533 | D:2      | Succumbed to a goblin's poison

Illustrated notes

Levels and vault maps discovered:
D:1:      tarquinn_simple_flora_water_a, layout_basic
D:2:      layout_rooms, grunt_ministairs_15, uniq_robin

Skill      XL: |  1  2  3  4 |
---------------+-------------+-----
Short Blades   | 1 |  1.7
Stealth        | 4 |  4.6
Spellcasting   | 3 |  3.2
Dodging        | 2 |  2.0
Hexes          | |  3.4

Action                   |  1- 3 |  4- 6 || total
-------------------------+-------+-------++-------
Melee: Dagger            |    80 |    83 ||   163
       Bite              |    12 |    15 ||    27
       Punch             |     1 |       ||     1
 Cast: Ensorcelled Hiber |     4 |     9 ||    13
       Confusing Touch   |       |     1 ||     1
  Use: Potion            |       |     1 ||     1
 Stab: Sleeping          |    15 |     4 ||    19
Armor: Robe              |    16 |    21 ||    37
Dodge: Dodged            |    37 |    54 ||    91
